[ AOE2 MATCH · #507164688 ]
UnrankedGeorgians vs Saracens
Player's team · LOSS
Rival team · WIN
[ REPLAY ANALYSIS · EXTRACTED FROM THE RECORDED GAME ]
Feudal
9:13
Castle
25:42
Imperial
—
| APM avg | 69.3 |
| APM peak | 143 |
| eAPM avg | 34.8 |
| Villagers / military | 57 / 86 |
Focus
⚔️ 65.0% · 🌾 35.0%
Skirmisher ×73 · Scout Cavalry ×9 · Militia ×2 · Spearman ×2
Feudal
9:34
Castle
23:43
Imperial
—
| APM avg | 97.2 |
| APM peak | 134 |
| eAPM avg | 50.8 |
| Villagers / military | 76 / 68 |
Focus
⚔️ 68.1% · 🌾 31.9%
Archer ×49 · Spearman ×9 · Scout Cavalry ×6 · Militia ×4
Match map
Initial resources + every placement click. Lines = walls · curves = elevation contours. ◆ gold · ⬟ stone · ● berries · ✦ relic · ◌ wall gap
Your base· Open — 3t gap
Saturno 1343's base· Open — 4t gap
Smoothed initial terrain · ◌ = detected wall gap · hover for details
Inputs per minute
— FJL - - Saturno 1343
Build order — FJL
First 150 of 217 actions detected
| 0:11 | Queue | Villager (Male) |
| 0:12 | Queue | Villager (Male) |
| 0:12 | Build | House |
| 0:14 | Build | House |
| 0:14 | Queue | Villager (Male) |
| 0:20 | Queue | Villager (Male) |
| 0:20 | Queue | Villager (Male) |
| 1:41 | Queue | Villager (Male) |
| 1:41 | Queue | Villager (Male) |
| 1:58 | Queue | Villager (Male) |
| 2:27 | Queue | Villager (Male) |
| 3:00 | Queue | Villager (Male) |
| 3:01 | Queue | Villager (Male) |
| 3:09 | Queue | Villager (Male) |
| 3:33 | Queue | Villager (Male) |
| 3:41 | Build | House |
| 3:46 | Build | House |
| 3:51 | Queue | Villager (Male) |
| 4:13 | Build | House |
| 4:17 | Queue | Villager (Male) |
| 4:27 | Build | Mill |
| 4:40 | Queue | Villager (Male) |
| 5:13 | Queue | Villager (Male) |
| 5:25 | Queue | Villager (Male) |
| 5:25 | Research | Loom |
| 7:03 | Research | Feudal Age |
| 7:39 | Build | Barracks |
| 7:59 | Build | Mule Cart |
| 8:37 | Queue | Villager (Male) |
| 9:13 | Age | Feudal Age |
| 9:21 | Build | Stable |
| 9:22 | Research | Double-Bit Axe |
| 9:24 | Queue | Villager (Male) |
| 9:39 | Queue | Villager (Male) |
| 9:45 | Build | House |
| 9:49 | Build | Palisade Wall |
| 9:51 | Queue | Villager (Male) |
| 10:04 | Queue | Villager (Male) |
| 10:04 | Queue | Scout Cavalry |
| 10:05 | Queue | Scout Cavalry |
| 10:17 | Build | Palisade Wall |
| 10:23 | Queue | Villager (Male) |
| 10:39 | Queue | Villager (Male) |
| 11:00 | Build | Palisade Wall |
| 11:02 | Queue | Scout Cavalry |
| 11:05 | Build | Farm |
| 11:06 | Build | Farm |
| 11:10 | Build | House |
| 11:12 | Build | Palisade Wall |
| 11:17 | Build | Farm |
| 11:31 | Queue | Scout Cavalry |
| 11:43 | Queue | Villager (Male) |
| 11:52 | Build | Farm |
| 12:11 | Build | Farm |
| 12:16 | Queue | Villager (Male) |
| 12:18 | Build | House |
| 12:28 | Build | House |
| 12:38 | Build | Farm |
| 12:52 | Queue | Villager (Male) |
| 12:52 | Queue | Villager (Male) |
| 13:00 | Build | Archery Range |
| 13:18 | Build | Farm |
| 13:19 | Build | Farm |
| 13:24 | Queue | Villager (Male) |
| 13:24 | Queue | Villager (Male) |
| 13:42 | Queue | Skirmisher |
| 13:49 | Build | Farm |
| 13:56 | Build | Farm |
| 13:59 | Queue | Villager (Male) |
| 14:02 | Queue | Skirmisher |
| 14:18 | Queue | Skirmisher |
| 14:23 | Queue | Skirmisher |
| 14:33 | Queue | Villager (Male) |
| 14:35 | Build | Blacksmith |
| 14:45 | Queue | Skirmisher |
| 14:49 | Build | Farm |
| 14:54 | Queue | Villager (Male) |
| 15:03 | Queue | Skirmisher |
| 15:14 | Build | Farm |
| 15:20 | Queue | Skirmisher |
| 15:22 | Research | Fletching |
| 15:32 | Build | Farm |
| 15:33 | Queue | Skirmisher |
| 15:36 | Build | House |
| 15:38 | Build | House |
| 15:43 | Queue | Skirmisher |
| 15:56 | Build | Farm |
| 15:57 | Queue | Skirmisher |
| 15:59 | Build | House |
| 15:59 | Queue | Skirmisher |
| 16:02 | Queue | Villager (Male) |
| 16:08 | Build | Farm |
| 16:12 | Queue | Scout Cavalry |
| 16:15 | Build | Farm |
| 16:18 | Queue | Skirmisher |
| 16:23 | Queue | Skirmisher |
| 16:25 | Queue | Skirmisher |
| 16:30 | Build | House |
| 16:58 | Queue | Villager (Male) |
| 17:00 | Queue | Skirmisher |
| 17:03 | Build | Farm |
| 17:14 | Queue | Skirmisher |
| 17:16 | Queue | Skirmisher |
| 17:41 | Queue | Villager (Male) |
| 17:41 | Queue | Villager (Male) |
| 17:41 | Queue | Skirmisher |
| 17:53 | Queue | Scout Cavalry |
| 17:54 | Queue | Skirmisher |
| 18:02 | Queue | Skirmisher |
| 18:05 | Queue | Scout Cavalry |
| 18:08 | Build | Archery Range |
| 18:15 | Research | Padded Archer Armor |
| 18:15 | Queue | Skirmisher |
| 18:20 | Build | Mule Cart |
| 18:22 | Queue | Skirmisher |
| 18:29 | Queue | Skirmisher |
| 18:33 | Queue | Villager (Male) |
| 18:33 | Queue | Villager (Male) |
| 18:36 | Build | Farm |
| 18:37 | Build | Farm |
| 18:39 | Build | Farm |
| 18:46 | Queue | Skirmisher |
| 18:51 | Build | Farm |
| 18:52 | Queue | Villager (Male) |
| 19:14 | Queue | Skirmisher |
| 19:20 | Queue | Skirmisher |
| 19:20 | Queue | Skirmisher |
| 19:27 | Queue | Skirmisher |
| 19:27 | Queue | Skirmisher |
| 19:36 | Queue | Skirmisher |
| 19:36 | Queue | Skirmisher |
| 19:51 | Queue | Skirmisher |
| 19:51 | Queue | Skirmisher |
| 19:51 | Queue | Villager (Male) |
| 20:08 | Queue | Skirmisher |
| 20:29 | Queue | Villager (Male) |
| 20:45 | Queue | Villager (Male) |
| 21:07 | Queue | Skirmisher |
| 21:07 | Queue | Skirmisher |
| 21:10 | Queue | Villager (Male) |
| 21:11 | Build | Farm |
| 21:13 | Queue | Skirmisher |
| 21:22 | Queue | Skirmisher |
| 21:22 | Queue | Skirmisher |
| 21:29 | Build | Farm |
| 21:29 | Queue | Scout Cavalry |
| 21:30 | Queue | Scout Cavalry |
| 21:49 | Build | Market |
| 21:52 | Queue | Villager (Male) |
| 21:53 | Build | Farm |
Build order — Saturno 1343
First 150 of 231 actions detected
| 0:00 | Queue | Villager (Male) |
| 0:00 | Queue | Villager (Male) |
| 0:01 | Queue | Villager (Male) |
| 0:02 | Build | House |
| 0:03 | Build | House |
| 0:07 | Queue | Villager (Male) |
| 1:12 | Queue | Villager (Male) |
| 1:13 | Queue | Villager (Male) |
| 1:39 | Queue | Villager (Male) |
| 1:55 | Build | Lumber Camp |
| 2:16 | Queue | Villager (Male) |
| 2:16 | Queue | Villager (Male) |
| 2:32 | Queue | Villager (Male) |
| 3:14 | Queue | Villager (Male) |
| 3:39 | Queue | Villager (Male) |
| 3:48 | Build | House |
| 4:04 | Queue | Villager (Male) |
| 4:12 | Queue | Villager (Male) |
| 4:42 | Queue | Villager (Male) |
| 4:54 | Queue | Villager (Male) |
| 4:55 | Queue | Villager (Male) |
| 6:06 | Build | Mill |
| 6:12 | Queue | Villager (Male) |
| 6:12 | Queue | Villager (Male) |
| 6:13 | Queue | Villager (Male) |
| 6:21 | Build | Barracks |
| 6:59 | Research | Loom |
| 7:22 | Research | Feudal Age |
| 7:43 | Build | House |
| 7:51 | Build | House |
| 7:56 | Queue | Militia |
| 8:06 | Queue | Militia |
| 8:15 | Build | Palisade Gate |
| 8:28 | Queue | Villager (Male) |
| 8:33 | Build | House |
| 8:35 | Build | Mining Camp |
| 9:04 | Queue | Militia |
| 9:08 | Queue | Villager (Male) |
| 9:34 | Age | Feudal Age |
| 9:38 | Build | Palisade Wall |
| 9:43 | Build | Palisade Wall |
| 10:01 | Queue | Villager (Male) |
| 10:04 | Queue | Villager (Male) |
| 10:07 | Build | Archery Range |
| 10:12 | Research | Man-at-Arms (upgrade) |
| 10:24 | Queue | Villager (Male) |
| 10:30 | Queue | Villager (Male) |
| 10:43 | Build | House |
| 10:51 | Queue | Villager (Male) |
| 11:05 | Build | Farm |
| 11:06 | Build | Farm |
| 11:12 | Queue | Archer |
| 11:15 | Queue | Villager (Male) |
| 11:22 | Build | Mill |
| 11:27 | Queue | Spearman |
| 11:36 | Queue | Archer |
| 11:39 | Build | Palisade Wall |
| 11:40 | Build | Palisade Wall |
| 11:40 | Build | Palisade Wall |
| 11:43 | Build | Palisade Wall |
| 11:43 | Build | Palisade Wall |
| 11:44 | Build | Palisade Wall |
| 11:55 | Build | Farm |
| 11:59 | Build | Farm |
| 12:02 | Queue | Archer |
| 12:08 | Queue | Spearman |
| 12:09 | Queue | Villager (Male) |
| 12:12 | Queue | Villager (Male) |
| 12:23 | Build | Farm |
| 12:29 | Queue | Archer |
| 12:31 | Queue | Villager (Male) |
| 12:41 | Build | House |
| 12:48 | Queue | Archer |
| 12:56 | Queue | Spearman |
| 13:00 | Build | House |
| 13:07 | Queue | Spearman |
| 13:09 | Build | Palisade Wall |
| 13:10 | Build | Palisade Wall |
| 13:12 | Build | Palisade Wall |
| 13:13 | Build | Palisade Wall |
| 13:15 | Build | Palisade Wall |
| 13:17 | Build | Palisade Wall |
| 13:19 | Queue | Spearman |
| 13:23 | Build | Palisade Wall |
| 13:26 | Build | Palisade Wall |
| 13:34 | Build | Palisade Wall |
| 13:40 | Queue | Spearman |
| 13:45 | Build | Farm |
| 13:45 | Queue | Spearman |
| 13:49 | Queue | Villager (Male) |
| 13:51 | Build | Farm |
| 13:57 | Queue | Villager (Male) |
| 14:06 | Build | Farm |
| 14:12 | Queue | Archer |
| 14:12 | Queue | Archer |
| 14:15 | Queue | Villager (Male) |
| 14:43 | Queue | Villager (Male) |
| 14:45 | Build | Palisade Wall |
| 14:46 | Build | Palisade Wall |
| 14:47 | Build | Palisade Wall |
| 14:56 | Queue | Villager (Male) |
| 15:06 | Queue | Villager (Male) |
| 15:08 | Build | House |
| 15:09 | Build | Blacksmith |
| 15:14 | Queue | Villager (Male) |
| 15:17 | Queue | Spearman |
| 15:20 | Queue | Villager (Male) |
| 15:28 | Queue | Villager (Male) |
| 15:48 | Queue | Villager (Male) |
| 15:52 | Research | Fletching |
| 15:53 | Research | Fletching |
| 15:56 | Build | Farm |
| 16:04 | Queue | Villager (Male) |
| 16:07 | Queue | Archer |
| 16:07 | Queue | Archer |
| 16:12 | Queue | Villager (Male) |
| 16:15 | Build | Palisade Wall |
| 16:18 | Build | House |
| 16:23 | Queue | Villager (Male) |
| 16:39 | Queue | Villager (Male) |
| 17:01 | Queue | Villager (Male) |
| 17:12 | Queue | Villager (Male) |
| 17:20 | Queue | Archer |
| 17:33 | Queue | Archer |
| 17:40 | Queue | Villager (Male) |
| 17:44 | Queue | Villager (Male) |
| 17:47 | Queue | Villager (Male) |
| 17:48 | Build | Farm |
| 17:50 | Build | Lumber Camp |
| 17:57 | Queue | Archer |
| 18:12 | Queue | Villager (Male) |
| 18:14 | Build | House |
| 18:17 | Queue | Archer |
| 18:22 | Queue | Villager (Male) |
| 18:23 | Build | Farm |
| 18:37 | Queue | Villager (Male) |
| 18:38 | Build | Farm |
| 18:42 | Queue | Villager (Male) |
| 18:45 | Build | Market |
| 18:46 | Queue | Villager (Male) |
| 18:49 | Build | House |
| 18:58 | Build | Archery Range |
| 19:03 | Queue | Villager (Male) |
| 19:21 | Queue | Villager (Male) |
| 19:25 | Build | House |
| 19:26 | Build | Palisade Wall |
| 19:32 | Queue | Villager (Male) |
| 19:41 | Queue | Villager (Male) |
| 19:43 | Queue | Archer |
| 19:45 | Queue | Spearman |
Match timeline
| 6:21 | Saturno 1343 · first_building Barracks |
| 7:39 | FJL · first_building Barracks |
| 9:13 | FJL · age_up feudal |
| 9:21 | FJL · first_building Stable |
| 9:34 | Saturno 1343 · age_up feudal |
| 9:38 | Saturno 1343 · wall_segment Palisade Wall x1 |
| 9:43 | Saturno 1343 · wall_segment Palisade Wall x1 |
| 9:49 | FJL · wall_segment Palisade Wall x1 |
| 10:07 | Saturno 1343 · first_building Archery Range |
| 10:17 | FJL · wall_segment Palisade Wall x4 |
| 11:00 | FJL · wall_segment Palisade Wall x4 |
| 11:12 | FJL · wall_segment Palisade Wall x5 |
| 11:39 | Saturno 1343 · wall_segment Palisade Wall x1 |
| 11:40 | Saturno 1343 · wall_segment Palisade Wall x1 |
| 11:40 | Saturno 1343 · wall_segment Palisade Wall x1 |
| 11:43 | Saturno 1343 · wall_segment Palisade Wall x1 |
| 11:43 | Saturno 1343 · wall_segment Palisade Wall x1 |
| 11:44 | Saturno 1343 · wall_segment Palisade Wall x1 |
| 13:00 | FJL · first_building Archery Range |
| 13:09 | Saturno 1343 · wall_segment Palisade Wall x1 |
| 13:10 | Saturno 1343 · wall_segment Palisade Wall x1 |
| 13:12 | Saturno 1343 · wall_segment Palisade Wall x1 |
| 13:13 | Saturno 1343 · wall_segment Palisade Wall x1 |
| 13:15 | Saturno 1343 · wall_segment Palisade Wall x1 |
| 13:17 | Saturno 1343 · wall_segment Palisade Wall x1 |
| 13:23 | Saturno 1343 · wall_segment Palisade Wall x1 |
| 13:26 | Saturno 1343 · wall_segment Palisade Wall x1 |
| 13:34 | Saturno 1343 · wall_segment Palisade Wall x1 |
| 14:45 | Saturno 1343 · wall_segment Palisade Wall x1 |
| 14:46 | Saturno 1343 · wall_segment Palisade Wall x1 |
| 14:47 | Saturno 1343 · wall_segment Palisade Wall x1 |
| 16:15 | Saturno 1343 · wall_segment Palisade Wall x1 |
| 19:26 | Saturno 1343 · wall_segment Palisade Wall x2 |
| 20:08 | Saturno 1343 · first_market_sell 100 stone |
| 20:44 | Saturno 1343 · first_building Stable |
| 21:08 | Saturno 1343 · wall_segment Palisade Wall x8 |
| 22:32 | FJL · first_market_buy 100 food |
| 22:36 | FJL · first_market_sell 100 wood |
| 23:43 | Saturno 1343 · age_up castle |
| 25:00 | Saturno 1343 · first_market_buy 100 food |
| 25:42 | FJL · age_up castle |
| 27:43 | FJL · first_building Monastery |
| 28:19 | FJL · resign |
[ AI ANALYSIS · 1 CREDIT ]
What really happened in this match?
Wolo.gg analyzes every decision: build order, eco, micro, common mistakes by bracket. Personalized analysis on WhatsApp or Discord in 30 seconds.
Civ guide
Georgians
Perfil
Jugador #5150947